 Dungeon Crawl Stone Soup version 0.29.0-13-gc9e81de378 (webtiles) character file.

Game seed: 11237495981878173768

51 Artool the Cudgeller (level 3, 0/28 HPs)
             Began as a Demonspawn Gladiator on Sept 6, 2022.
             Succumbed to an adder's poison
             ... on level 2 of the Dungeon.
             The game lasted 00:04:00 (1964 turns).

Artool the Cudgeller (Demonspawn Gladiator)         Turns: 1964, Time: 00:04:00

Health: 0/28       AC:  6    Str: 16    XL:     3   Next: 57%
Magic:  3/3        EV: 12    Int:  9    God:
Gold:   82         SH:  0    Dex: 14    Spells: 2/2 levels left

rFire   . . .      SeeInvis .   a - +0 whip
rCold   . . .      Faith    .   (no shield)
rNeg    . . .      Spirit   .   o - +0 ring mail
rPois   .          Reflect  .   c - +0 helmet
rElec   .          Harm     .   (no cloak)
rCorr   .          Rampage  .   (no gloves)
Will    .....                   (no boots)
Stlth   +.........              (no amulet)
HPRegen 0.09/turn               (no ring)
MPRegen 0.08/turn               (no ring)

@: lethally poisoned (0 -> -5)
A: sturdy frame 2
a: no special abilities


You were on level 2 of the Dungeon.
You visited 1 branch of the dungeon, and saw 2 of its levels.

You collected 82 gold pieces.

Inventory:

Hand Weapons
 a - a +0 whip (weapon)
 f - a +0 dagger of freezing
 i - a +0 flail
Missiles
 d - 3 throwing nets (quivered)
 e - a javelin
Armour
 b - a +0 leather armour
 c - a +0 helmet (worn)
 o - a +0 ring mail (worn)
Scrolls
 g - a scroll of silence {unknown}
 j - a scroll of teleportation {unknown}
 k - 2 scrolls of magic mapping {unknown}
 m - a scroll of fear {unknown}
 n - a scroll of identify {unknown}
Potions
 h - 2 potions of might {unknown}
 l - a potion of mutation {unknown}


   Skills:
 + Level 2.6 Fighting
 + Level 3.2 Maces & Flails
 - Level 1.7 Throwing
 + Level 1.2 Armour
 + Level 3.1 Dodging


You had 2 spell levels left.
You didn't know any spells.
Your spell library was empty.

Dungeon Overview and Level Annotations

Branches:
Dungeon (2/15)

Altars:

Shops:
D:1 *


Innate Abilities, Weirdness & Mutations

Your movements are less encumbered by armour. (ER -4)


Message History

You are more poisoned.
The adder poisons you! The adder barely misses you.
You miss the adder.
The adder is moderately wounded.
You feel very sick. The adder barely misses you.
You barely miss the adder.
The adder is moderately wounded.
You feel sick. The adder bites you but does no damage.
You miss the adder.
The adder is moderately wounded.
You feel sick. The adder bites you but does no damage.
You barely miss the adder.
The adder is moderately wounded.
You feel sick. The adder bites you but does no damage.
You hit the adder.
The adder is severely wounded.
You feel sick. The adder closely misses you. The adder barely misses you.
You miss the adder.
The adder is severely wounded.
You feel sick. The adder bites you but does no damage.
You closely miss the adder.
The adder is severely wounded.
You feel sick. The adder bites you but does no damage.
You miss the adder.
The adder is severely wounded.
You feel sick. The adder bites you but does no damage.
You barely miss the adder.
The adder is severely wounded.
The adder completely misses you. The adder bites you.
* * * LOW HITPOINT WARNING * * *
You are lethally poisoned!
The adder poisons you!
You hit the adder.
The adder is almost dead.
* * * LOW HITPOINT WARNING * * *
You feel sick. The adder bites you but does no damage.
You hit the adder but do no damage.
The adder is almost dead.
You die...

#.#......................
########.########..######
..........# #..# #..
#######.#.######..####.#
#.#...............
#.#......#).####.#
#####.#.####.#..####.#
#.......# #.#........
#.###@### #.##.####.#
#.S.........####.#
########..........
...........#
#############


You could see an adder.

Vanquished Creatures
  An adder (D:2)
  A worm (D:2)
  2 bats
  4 endoplasms
  2 giant cockroaches (D:2)
  5 hobgoblins (D:2)
  4 jackals (D:2)
  3 quokkas
  2 ball pythons (D:2)
  A frilled lizard (D:2)
  2 goblins
  3 kobolds (D:2)
  5 rats
35 creatures vanquished.

Notes
Turn   | Place    | Note
-------+----------+-------------------------------------------
     0 | D:1      | Artool the Demonspawn Gladiator began the quest for the
                  | Orb.
     0 | D:1      | Reached XP level 1. HP: 16/16 MP: 1/1
    54 | D:1      | Found Nyxzir's Assorted Antiques.
   684 | D:1      | Gained mutation: Your movements are slightly less
                  | encumbered by armour. (ER -2) [demonic ancestry]
   684 | D:1      | Reached XP level 2. HP: 22/22 MP: 2/2
  1432 | D:2      | Found a faded altar of an unknown god.
  1510 | D:2      | Reached skill level 1 in Armour
  1514 | D:2      | Gained mutation: Your movements are less encumbered by
                  | armour. (ER -4) [demonic ancestry]
  1514 | D:2      | Reached XP level 3. HP: 28/28 MP: 3/3
  1963 | D:2      | HP: 1/28 [poisoned by an adder]
  1964 | D:2      | Succumbed to an adder's poison

Illustrated notes

Levels and vault maps discovered:
D:1:      matt_arrival_refuge, layout_rooms, serial_shops,
          nicolae_shop_statue_plus
D:2:      layout_basic, basic_ecumenical_altar, kennysheep_generic_room_9

Skill      XL: |  1  2 |
---------------+-------+-----
Maces & Flails | 3 |  3.2
Dodging        | 3 |  3.1
Armour         | 1 |  1.2
Fighting       | |  2.6
Throwing       | |  1.7

Action                   || total
-------------------------++-------
Melee: Whip              ||   181
       Flail             ||     6
       Punch             ||     3
 Stab: Sleeping          ||     1
Armor: Leather armour    ||    11
       Ring mail         ||    44
Dodge: Dodged            ||   131
